 Dungeon Crawl Stone Soup version 0.18-b1-10-g3f7de93 (webtiles) character file.

126 doot the Vexing (level 4, -3/33 HPs)
             Began as a Demonspawn Enchanter on Apr 28, 2016.
             Slain by an ogre
             ... wielding a +0 giant club
              (12 damage)
             ... on level 3 of the Dungeon on Apr 29, 2016.
             The game lasted 00:26:36 (5078 turns).

doot the Vexing (Demonspawn Enchanter)              Turns: 5078, Time: 00:26:37

Health: -3/33      AC:  6    Str:  8    XL:     4   Next: 83%
Magic:  7/7        EV:  5    Int: 16    God:
Gold:   81         SH:  0    Dex: 15    Spells: 3 memorised, 2 levels left

rFire  . . .     SeeInvis .     y - +0 flail
rCold  . . .     Gourm    .     A - +0 ring mail
rNeg   + . .     Faith    .     (no shield)
rPois  .         Spirit   .     (no helmet)
rElec  .         Dismiss  .     q - -1 cloak
rCorr  .         Reflect  .     p - +0 pair of gloves
SustAt .         Harm     .     (no boots)
MR     +....                    (no amulet)
Stlth  ++........               B - ring of positive energy
                                e - ring of protection from magic

@: somewhat resistant to hostile enchantments, unstealthy
A: claws 1
a: no special abilities


You were on level 3 of the Dungeon.
You were not hungry.

You visited 1 branch of the dungeon, and saw 4 of its levels.

You collected 81 gold pieces.

Inventory:

Hand Weapons
 a - a +1 dagger
 w - a +0 hunting sling
 y - a +0 flail (weapon)
Missiles
 g - 55 sling bullets
 h - 16 bolts
 x - 82 stones (quivered)
Armour
 b - a +1 robe
 p - a +0 pair of gloves (worn)
 q - a -1 cloak (worn)
 r - a +0 leather armour
 z - a +0 chain mail
 A - a +0 ring mail (worn)
Jewellery
 e - a ring of protection from magic (left hand)
 B - a ring of positive energy (right hand)
Scrolls
 i - 3 scrolls of amnesia {unknown}
 j - 2 scrolls of identify
 l - a scroll of teleportation {unknown}
 m - a scroll of random uselessness {unknown}
 s - a scroll of immolation {unknown}
 u - 3 scrolls of fear {unknown}
Potions
 k - a potion of magic {unknown}
 o - a potion of ambrosia {unknown}
 t - a potion of curing
 C - a potion of flight {unknown}
Books
 c - a book of Maledictions

   Spells                             Type                      Level
   a - Corona                         Hexes                        1
   b - Ensorcelled Hibernation        Hexes/Ice                    2
   c - Confuse                        Hexes                        3
   d - Tukima's Dance                 Hexes                        3
   e - Dazzling Spray                 Conjuration/Hexes            3
Comestibles
 d - a bread ration
 f - 2 beef jerkies
 n - a slice of pizza


   Skills:
 * Level 1.7 Fighting
 + Level 0.8 Short Blades
 + Level 1.0 Armour
 + Level 2.2 Dodging
 + Level 3.3 Stealth
 + Level 2.5 Spellcasting
 + Level 3.7 Hexes
 + Level 0.5 Ice Magic


You had 2 spell levels left.
You knew the following spells:

 Your Spells              Type           Power        Failure   Level  Hunger
a - Corona                Hex            ##.....      17%         1    #......
b - Ensorcelled Hibernat  Hex/Ice        #.....       41%         2    ##.....
c - Tukima's Dance        Hex            ##......     45%         3    ###....


Dungeon Overview and Level Annotations

Branches:
Dungeon (4/15)
 Temple: D:4-7

Altars:
Elyvilon


Innate Abilities, Weirdness & Mutations

You have sharp fingernails.


Message History

The walls and floor vibrate strangely for a moment.
The ogre barely misses you.
There is a stone staircase leading down here.
The ogre closely misses you.
Cast which spell? (? or * to list)
Okay, then.
Cast which spell? (? or * to list)
Aiming: Ensorcelled Hibernation
Press: ? - help, Shift-Dir - straight line, f - ogre
Aim: an ogre, wielding a giant club (chance to defeat MR: 39%)
The ogre looks drowsy...
The ogre barely misses you.
You sock the ogre!
The ogre is moderately wounded.
The ogre hits you with a giant club!!
Ouch! That really hurt!
* * * LOW HITPOINT WARNING * * *
There is a stone staircase leading down here.
The ogre hits you with a giant club!
You die...

#.#######.......# #.#
#.......# #.# #.......+ #.#
#.......# #.# #.......# #)#
##.##+### .#
##.########.##.#########.###
#...........................
#####.........@O............
##.....#########........
#...................###
#...........###.##### ...
#.....#.....)......# ...
#.....#####.###....# #..
#.....# #.# #....# #..
#.....# ###.###....# ###..
#.....# #.................


You could see an ogre.

Vanquished Creatures
  4 adders
  An ooze (D:1)
  2 worms
  A dart slug (D:1)
  A giant gecko (D:1)
  7 orcs
  4 giant cockroaches
  7 goblins
  10 hobgoblins
  3 jackals (D:1)
  A ball python (D:1)
  5 bats
  11 giant newts
  6 kobolds
  9 rats
72 creatures vanquished.

Vanquished Creatures (others)
  A dancing weapon (D:1)
1 creature vanquished.

Grand Total: 73 creatures vanquished

Notes
Turn   | Place    | Note
--------------------------------------------------------------
     0 | D:1      | doot the Demonspawn Enchanter began the quest for the Orb.
     0 | D:1      | Reached XP level 1. HP: 13/13 MP: 3/3
   216 | D:1      | Gained mutation: You have sharp fingernails. [demonic ancestry]
   216 | D:1      | Reached XP level 2. HP: 6/19 MP: 1/5
   424 | D:1      | Learned a level 2 spell: Ensorcelled Hibernation
  1401 | D:1      | Reached XP level 3. HP: 22/25 MP: 2/6
  1483 | D:1      | Learned a level 3 spell: Tukima's Dance
  1788 | D:1      | Noticed an ogre
  1842 | D:1      | Upgraded the game from 0.18-b1-2-gd0c887e to 0.18-b1-10-g3f7de93
  2085 | D:2      | Found a white marble altar of Elyvilon.
  3158 | D:2      | Reached skill level 1 in Fighting
  3494 | D:2      | Reached XP level 4. HP: 8/32 MP: 5/7
  4639 | D:3      | Found a glowing drain.
  4657 | D:3      | Noticed an ogre
  4717 | D:4      | Reached skill level 1 in Armour
  5078 | D:3      | Slain by an ogre

Skill      XL: |  1  2  3  4 |
---------------+-------------+-----
Stealth        | 3 |  3.3
Dodging        | 2 |  2.2
Fighting       | 1 |  1.7
Armour         | 1 |  1.0
Short Blades   | |  0.8
Spellcasting   | |  2.5
Hexes          | |  3.7
Ice Magic      | |  0.5

Action                   |  1- 3 |  4- 6 || total
-------------------------+-------+-------++-------
Melee: Dagger            |   168 |    53 ||   221
       Flail             |       |    50 ||    50
 Cast: Corona            |    23 |       ||    23
       Ensorcelled Hiber |    24 |     9 ||    33
       Tukima's Dance    |     2 |     1 ||     3
  Use: Scroll            |     2 |     1 ||     3
       Potion            |       |     1 ||     1
 Stab: Sleeping          |    14 |     7 ||    21
       Distracted        |     1 |       ||     1
  Eat: Chunk             |     6 |     2 ||     8
       Bread ration      |     1 |       ||     1
       Meat ration       |       |     1 ||     1
       Royal jelly       |       |     1 ||     1
Armor: Robe              |    19 |       ||    19
       Leather armour    |    15 |     8 ||    23
       Ring mail         |       |    39 ||    39
       Chain mail        |       |    25 ||    25
Dodge: Dodged            |    81 |    76 ||   157
